 Dungeon Crawl Stone Soup version 0.20.1-1-g8b1a95d (webtiles) character file.

60 Sharkie the Chiller (level 3, -4/29 HPs)
             Began as a Draconian Ice Elementalist on Aug 29, 2017.
             Slain by an ogre
             ... wielding a +0 giant spiked club
              (16 damage)
             ... on level 3 of the Dungeon on Aug 30, 2017.
             The game lasted 00:11:08 (1934 turns).

Sharkie the Chiller (Draconian Ice Elementalist)    Turns: 1934, Time: 00:11:08

Health: -4/29      AC:  5    Str: 10    XL:     3   Next: 80%
Magic:  5/6        EV: 12    Int: 16    God:
Gold:   192        SH:  0    Dex: 11    Spells: 4/7 levels left

rFire    . . .     SeeInvis .   n - +0 quarterstaff
rCold    . . .     Gourm    .   (shield currently unavailable)
rNeg     . . .     Faith    .   (armour unavailable)
rPois    .         Spirit   .   (helmet restricted)
rElec    .         Reflect  .   (no cloak)
rCorr    .         Harm     .   (no gloves)
MR       .....                  (no boots)
Stlth    ++........             (no amulet)
Regen    0.1/turn               (no ring)
MPRegen  0.1/turn               (no ring)

@: no status effects
A: unfitting armour, cold-blooded, AC +5
a: no special abilities


You were on level 3 of the Dungeon.
You were not hungry.

You visited 1 branch of the dungeon, and saw 3 of its levels.

You collected 192 gold pieces.

Inventory:

Hand Weapons
 l - a +0 dagger
 n - a +0 quarterstaff (weapon)
Jewellery
 p - an uncursed ring of fire {unknown}
Scrolls
 e - 2 scrolls of teleportation
 o - a scroll of recharging {unknown}
 r - 2 scrolls of identify
Potions
 f - a potion of haste {unknown}
 g - 2 potions of curing
 i - a potion of might {unknown}
 j - 2 potions of flight {unknown}
 m - a potion of brilliance {unknown}
Books
 a - a book of Frost

   Spells                             Type                      Level
   a - Freeze                         Ice                          1
   b - Throw Frost                    Conjuration/Ice              2
   c - Ozocubu's Armour               Charms/Ice                   3
   d - Throw Icicle                   Conjuration/Ice              4
   e - Summon Ice Beast               Ice/Summoning                4
Comestibles
 b - a bread ration
 c - 5 fruits
 d - a royal jelly
 h - a meat ration
 k - a chunk of flesh


   Skills:
 + Level 1.8 Fighting
 + Level 2.6 Dodging
 - Level 1.7 Stealth
 + Level 2.5 Spellcasting
 - Level 1.0 Conjurations
 + Level 3.2 Ice Magic


You had 4 spell levels left.
You knew the following spells:

 Your Spells              Type           Power        Failure   Level  Hunger
a - Freeze                Ice            ##..         5%          1    #......
b - Throw Frost           Conj/Ice       #.....       12%         2    ##.....


Dungeon Overview and Level Annotations

Branches:
Dungeon (3/15)

Altars:
Fedhas


Innate Abilities, Weirdness & Mutations

Your plain brown scales are hard. (AC +5)
You cannot fit into any form of body armour.
You are cold-blooded and may be slowed by cold attacks.


Message History

Confirm with . or Enter, or press ? or * to list all spells.
Aiming: Freeze
Press: ? - help, Shift-Dir - straight line, f - hobgoblin, p - ogre
Aim: a hobgoblin, wielding a club You freeze the hobgoblin.
The hobgoblin is heavily wounded.
The hobgoblin barely misses you.
Casting: Freeze
Confirm with . or Enter, or press ? or * to list all spells.
Aiming: Freeze
Press: ? - help, Shift-Dir - straight line, f/p - hobgoblin
Aim: a hobgoblin, wielding a club (heavily wounded)
You freeze the hobgoblin.
You kill the hobgoblin!
Press: ? - help, v - describe, . - travel The floor.
There is an open door here.
The ogre hits you with a giant spiked club!
Ouch! That really hurt!
You die...

#...##.#####.#
#...#
#)#.##.##.##.####
###.#
.....#....##....#
####.#
.....####.#####.#
#....# .....#
#....#..####.####
.....#
###.....)....#
.....#
#..........#
....##
#.....(....# #####
#....O@....#
##.......#.# ##
#########.#.# ..
#......##.#.# ..
#......##.#.# ..
#......##.#.######
..#
#.......#.#......#
..#
#....[..#.######.#
..#
######..(.)....#
#....#


You could see an ogre.

Vanquished Creatures
  An adder (D:3)
  An ooze (D:1)
  3 dart slugs
  A leopard gecko (D:3)
  An orc (D:3)
  A giant cockroach (D:1)
  7 hobgoblins
  7 kobolds
  A quokka (D:2)
  2 ball pythons (D:1)
  3 bats (D:1)
  3 frilled lizards
  3 goblins (D:1)
  4 rats
38 creatures vanquished.

Notes
Turn   | Place    | Note
-------+----------+-------------------------------------------
     0 | D:1      | Sharkie the Draconian Ice Elementalist began the quest for the Orb.
     0 | D:1      | Reached XP level 1. HP: 14/14 MP: 3/3
   286 | D:1      | Reached XP level 2. HP: 22/22 MP: 3/5
   303 | D:1      | Learned a level 2 spell: Throw Frost
   350 | D:1      | Reached skill level 1 in Fighting
   997 | D:2      | Reached XP level 3. HP: 27/28 MP: 1/6
  1252 | D:2      | Found a blossoming altar of Fedhas.
  1902 | D:3      | Noticed an ogre
  1934 | D:3      | Slain by an ogre

Skill      XL: |  1  2 |
---------------+-------+-----
Dodging        | 2 |  2.6
Fighting       | 1 |  1.8
Stealth        | |  1.7
Spellcasting   | |  2.5
Conjurations   | |  1.0
Ice Magic      | |  3.2

Action                   || total
-------------------------++-------
Melee: Unarmed           ||    27
       Tailslap          ||     8
       Quarterstaff      ||    16
       Dagger            ||    13
 Cast: Freeze            ||    43
  Use: Scroll            ||     4
 Stab: Sleeping          ||     5
  Eat: Chunk             ||     4
Armor: Skin              ||    26
Dodge: Dodged            ||    53
